[Event "2nd Serbia Open Masters 2022"]
[Site "Novi Sad"]
[Date "2022.07.01"]
[Round "4.1"]
[White "Jumabayev, Rinat"]
[Black "Sanal, Vahap"]
[Result "1/2-1/2"]
[ECO "A11"]
[WhiteElo "2628"]
[BlackElo "2575"]
[Annotator "TA"]
[PlyCount "163"]
[EventDate "2022.06.28"]
[EventType "swiss"]
[EventCountry "SRB"]
[SourceTitle "playchess.com"]
[Source "ChessBase"]
[SourceQuality "1"]
[TimeControl "40/5400+30:900+30"]

1. Nf3 d5 2. g3 g6 3. Bg2 Bg7 4. O-O Nf6 5. c4 c6 6. b3 O-O 7. Bb2 Bg4 8. d3 Nbd7 9. Nbd2 Re8 10. h3 Bxf3 {[%emt 0:00:10] A11: English Opening: 1...c6.} 11. Nxf3 e5 12. cxd5 cxd5 13. e3 Qb6 14. Rc1 Rad8 {[%emt 0:07:01] [#]} 15. Qc2 $146 ({Predecessor:} 15. Rc2 Qa6 16. a3 h6 17. b4 Nh7 18. Qc1 Nb6 19. Rd1 Na4 20. d4 e4 21. Bf1 Qe6 22. Ne5 Nxb2 23. Qxb2 Bxe5 24. dxe5 Ng5 25. Rc7 Rd7 {½-½ (25) Dizdarevic,E (2492)-Jakovljevic,V (2375) Bihac 2016}) 15... Qa6 16. a3 e4 17. dxe4 dxe4 18. Nd2 b5 19. Qc6 Qxc6 20. Rxc6 Ne5 21. Rc2 Rd3 22. Rfc1 (22. Nxe4 $6 Nxe4 23. Bxe4 Rxb3 $11) 22... h5 23. Rc8 {[%emt 0:12:10] [#] Threatens to win with Bxe5.} Nc4 24. Rxe8+ Nxe8 25. bxc4 Bxb2 26. Rc2 bxc4 27. Bxe4 ({Don't blunder} 27. Rxb2 $2 c3 28. Rb1 c2 29. Bxe4 Rxd2 30. Bxc2 Rxc2 $19) 27... Rd8 28. Nxc4 ({But not} 28. Rxb2 $6 c3 29. Rb1 cxd2 $11) 28... Bf6 29. Na5 Rd1+ 30. Kg2 Kg7 31. Nc6 Ra1 32. Nxa7 Nd6 33. Bd5 Rxa3 34. Rc7 {[%emt 0:00:46] [#] Black must now prevent Rd7.} Rd3 $1 35. Bf3 Rd2 36. Kf1 Bd8 37. Rd7 Ne4 38. Rxd2 Nxd2+ $14 {[%emt 0:00:02][%mdl 4096] Endgame KBN-KBN} 39. Ke2 Nb3 40. Bd5 {[%emt 0:00:00] aiming for Nc6.} Nc5 $1 41. Nc6 Bc7 42. f4 Nd7 43. Kf3 f5 44. Nd4 {[%emt 0:03:13] Ne6+ is the strong threat.} Kf6 45. Bc6 Nf8 46. Be8 Bb6 47. Nc6 {[%emt 0:00:15] White is more active.} Bc5 48. Ke2 Bd6 49. Nd4 Bb4 50. Nf3 Ke7 51. Bb5 Kf6 52. Bc4 Ba5 53. Ng5 Ke7 54. Kf3 Bb6 55. Nf7 Nd7 56. Ba2 Ba7 57. Ke2 Bb8 58. Ng5 Bc7 59. Nf3 Kf6 60. Bd5 Bb6 61. Bc6 Nf8 62. Kd3 Bc7 63. Nd4 Ba5 64. Ke2 Ne6 65. Nb5 Ke7 66. Kf3 Bb6 67. Nc3 Nc7 68. Nd1 Kf6 69. Nb2 Ne6 70. Nc4 Bc7 71. Bd5 Nf8 72. Bb7 Nd7 73. Bc6 Nb6 74. Nb2 Nc8 75. Nd3 Ne7 76. Be8 Bd6 77. Nf2 Bc7 78. g4 (78. Ba4 $16) 78... hxg4+ $1 $11 {[%emt 0:00:20] The position is equal.} 79. hxg4 g5 $1 80. e4 Bxf4 81. gxf5 Nxf5 82. exf5 {[%emt 0:00:17] Black defended with fortune.  Weighted Error Value: White=0.05 (flawless) /Black=0.06 (flawless)} 1/2-1/2

[Event "2nd Serbia Open Masters 2022"]
[Site "Novi Sad"]
[Date "2022.07.01"]
[Round "4.2"]
[White "Motylev, Alexander"]
[Black "Ioannidis, Evgenios"]
[Result "1/2-1/2"]
[ECO "C81"]
[WhiteElo "2633"]
[BlackElo "2459"]
[Annotator "TA"]
[PlyCount "68"]
[EventDate "2022.06.28"]
[EventType "swiss"]
[EventCountry "SRB"]
[SourceTitle "playchess.com"]
[Source "ChessBase"]
[SourceQuality "1"]
[TimeControl "40/5400+30:900+30"]

1. e4 e5 2. Nf3 Nc6 3. Bb5 a6 4. Ba4 Nf6 5. O-O Nxe4 6. d4 b5 7. Bb3 d5 8. dxe5 Be6 9. Qe2 Be7 10. Rd1 O-O 11. c4 bxc4 12. Bxc4 Bc5 13. Be3 Bxe3 14. Qxe3 Qb8 15. Bb3 Na5 16. Nbd2 Nxb3 {[%emt 0:00:35] C81: Open Ruy Lopez: Keres Variation (9 Qe2).} 17. axb3 Qa7 18. Nxe4 Qxe3 19. fxe3 dxe4 20. Nd4 Rfb8 21. Rdc1 Rb7 22. Ra3 {[%emt 0:27:57] [#]} h6 $146 ({Predecessor:} 22... g6 23. Kf2 Rab8 24. Rxa6 Bxb3 25. Kg3 Bd5 26. Rc5 c6 27. Nxc6 Bxc6 28. Raxc6 Rb3 {½-½ (57) Liang,A (2592)-Abdusattorov,N (2634) chess24.com INT 2021}) 23. Kf2 Rab8 24. Kg3 Rb6 25. b4 Bd5 26. b5 {[%emt 0:04:53] White is more active.} axb5 27. Rxc7 Re8 28. Rc5 (28. Kf4 {looks sharper.} f6 29. e6 Bxe6 30. Nxe6 Rbxe6 31. Raa7) 28... Rxe5 {[%emt 0:01:37] [#]} 29. h4 $1 {[%emt 0:00:50] Inhibits Rg5+.} g5 30. Ra5 (30. h5 $142) 30... gxh4+ {[%emt 0:01:04] [#]} 31. Kxh4 ({White should try} 31. Kf4 $1 $16 f6 32. Ra7) 31... Rg6 {[%emt 0:01:25] The position is equal.} 32. Raxb5 Reg5 33. Rxd5 Rxg2 34. Kh3 {[%emt 0:00:20] Against Rh2+. Black must now prevent Nf5.} R2g3+ {[%emt 0:00:43] Weighted Error Value: White=0.11 (very precise) /Black=0.11 (very precise)} 1/2-1/2

[Event "2nd Serbia Open Masters 2022"]
[Site "Novi Sad"]
[Date "2022.07.01"]
[Round "4.3"]
[White "Adhiban, B.."]
[Black "Babazada, Khazar"]
[Result "1-0"]
[ECO "D10"]
[WhiteElo "2616"]
[BlackElo "2431"]
[Annotator "TA"]
[PlyCount "75"]
[EventDate "2022.06.28"]
[EventType "swiss"]
[EventCountry "SRB"]
[SourceTitle "playchess.com"]
[Source "ChessBase"]
[SourceQuality "1"]
[TimeControl "40/5400+30:900+30"]

1. d4 d5 2. c4 c6 3. Nc3 Nf6 4. cxd5 cxd5 5. Bf4 Nc6 6. e3 Bf5 7. Qb3 Na5 $1 8. Qa4+ {[%emt 0:00:02] D10: Slav Defence: 3 cxd5 (without early Nf3) and 3 Nc3.} Bd7 9. Qc2 {[%emt 0:00:04] Threatening Nb5.} (9. Bb5 {with more complications.} e6 10. Nf3 a6 11. Bxd7+ Nxd7 12. O-O) 9... e6 10. Nf3 {[%emt 0:03:22] The position is equal.} Be7 11. h3 Rc8 12. Bd3 {[%emt 0:00:13] Inhibits Ne4.} b5 13. a3 Nc4 14. O-O (14. Ne5 {seems wilder.} a5 15. Qe2 O-O 16. O-O) 14... a5 15. Qe2 Nxa3 16. Nxb5 Nxb5 17. Bxb5 Qb6 18. Bd3 O-O 19. Ne5 Be8 {[%emt 0:00:31] [#]} 20. Bg5 $146 ({Predecessor:} 20. Rfc1 Rxc1+ 21. Rxc1 Ba4 22. Bg5 h6 23. Bh4 Rb8 24. Ng4 Qd8 25. Bxf6 Bxf6 26. Nxf6+ Qxf6 {½-½ (35) Sokolov,I (2645)-Giri,A (2687) Boxtel 2011}) 20... h6 21. Bh4 g5 22. Bg3 Ne4 23. Bxe4 dxe4 24. Rfc1 $1 Rxc1+ (24... Bb5 $2 25. Qh5 Rxc1+ 26. Rxc1 $18) 25. Rxc1 {[%emt 0:00:01] [#] Hoping for Qh5.} f6 26. Nc4 Qd8 27. Qg4 {[%emt 0:05:55] White is more active.} f5 28. Qd1 f4 29. exf4 gxf4 30. Qg4+ Bg5 (30... Kh8 $2 31. Bxf4 Kh7 32. Be5 $18) 31. h4 ({But not} 31. Qxe6+ $2 Bf7 32. Qe5 Re8 $19) 31... Bh5 $2 {[%emt 0:11:11][%mdl 8192] Loses the game.} 32. Qxh5 $18 {[%emt 0:01:00] [#] Threatens to win with Qg6+.} fxg3 33. Qg6+ Kh8 34. hxg5 {[%emt 0:00:07] White threatens Ne5 and mate.} gxf2+ 35. Kf1 Qxd4 36. Qxh6+ Kg8 37. Qxe6+ Rf7 38. Ne5 {[%emt 0:00:41] Inhibits Qd3+.  Weighted Error Value: White=0.03 (flawless) /Black=0.40} 1-0

[Event "2nd Serbia Open Masters 2022"]
[Site "Novi Sad"]
[Date "2022.07.01"]
[Round "4.4"]
[White "Santiago, Yago De Moura"]
[Black "Can, Emre"]
[Result "0-1"]
[ECO "D43"]
[WhiteElo "2498"]
[BlackElo "2599"]
[Annotator "TA"]
[PlyCount "62"]
[EventDate "2022.06.28"]
[EventType "swiss"]
[EventCountry "SRB"]
[SourceTitle "playchess.com"]
[Source "ChessBase"]
[SourceQuality "1"]
[TimeControl "40/5400+30:900+30"]

1. d4 d5 2. c4 e6 3. Nf3 Nf6 4. Nc3 c6 5. Qd3 dxc4 6. Qxc4 b5 7. Qd3 a6 8. g4 {[%emt 0:00:13] is currently scoring better than 8.e4. D43: Semi-Slav: 5 Bg5 h6.} (8. e4 $11) 8... Nxg4 $15 9. Rg1 Nf6 10. Bf4 {[%emt 0:01:55] Black is slightly better.} Nbd7 {[%emt 0:03:35] [#]} 11. e4 $146 ({Predecessor:} 11. O-O-O Bb7 12. e4 Be7 13. Qc2 Rc8 14. Kb1 b4 15. Ne2 O-O 16. Bh6 Ne8 17. Ng5 {½-½ (32) Enev,Z (2393)-Hughes,S (2276) LSS email 2021}) 11... Nh5 12. Bg5 Be7 (12... Qc7 $15) 13. e5 $11 c5 14. Qe4 {[%emt 0:57:40] Prevents Bb7.} Ra7 15. Qh4 g6 {[%emt 0:00:30] Strongly threatening ...Bxg5.} 16. Ne4 f6 $1 17. exf6 Ndxf6 18. Nxc5 ({But not} 18. dxc5 Nxe4 19. Qxe4 Bxg5 20. Nxg5 Qa5+ 21. b4 Qa3 $17) (18. Nxf6+ $11 Nxf6 19. dxc5) 18... O-O {[%emt 0:03:03][%cal Oe6e5] Threatens to win with ...e5!} 19. Be2 Qd5 20. Rd1 Ng7 21. Ne5 Nf5 (21... Qxa2 $17 {White must now prevent ...Nf5.} 22. Nc6 Nf5) 22. Qf4 $15 Qxa2 23. Bh6 {[%emt 0:04:39] [#]} (23. Qc1 $142) 23... Nd5 {[%emt 0:06:13] The board is on fire.} ({Black should try} 23... Qxb2 $1 $17 24. Bxf8 Bxf8) 24. Qe4 $2 {[%emt 0:00:01][%mdl 8192] This costs White the game.} Bxc5 $19 ({Inferior is} 24... Nxh6 25. Rxg6+ hxg6 26. Qxg6+ Kh8 27. Qxh6+ Kg8 28. Qg6+ Kh8 29. Qh6+ Kg8 30. Qg6+ Kh8 31. Qh6+ $11) 25. dxc5 Nxh6 {[%emt 0:00:56] Pair of Knights!} 26. Nxg6 Rg7 {[%emt 0:00:23] Prevents Ne7+.} 27. Rxd5 hxg6 (27... exd5 $142 28. Qd4 hxg6) 28. Rd2 Nf5 29. h4 Qa4 30. b4 $2 {[%emt 0:00:36] [#]} (30. Qxa4 bxa4 31. c6) 30... Qa1+ 31. Bd1 Qc3 {[%emt 0:00:34] Weighted Error Value: White=0.97/Black=0.40} 0-1

[Event "2nd Serbia Open Masters 2022"]
[Site "Novi Sad"]
[Date "2022.07.01"]
[Round "4.5"]
[White "Sturt, Raven"]
[Black "Predke, Alexandr"]
[Result "1/2-1/2"]
[ECO "D35"]
[WhiteElo "2438"]
[BlackElo "2688"]
[Annotator "TA"]
[PlyCount "198"]
[EventDate "2022.06.28"]
[EventType "swiss"]
[EventCountry "SRB"]
[SourceTitle "playchess.com"]
[Source "ChessBase"]
[SourceQuality "1"]
[TimeControl "40/5400+30:900+30"]

1. d4 {[%emt 0:00:03] Ftacnik,L} Nf6 2. c4 e6 3. Nf3 d5 4. Nc3 Nbd7 5. Bf4 Bb4 6. cxd5 exd5 7. Qb3 {[%emt 0:03:05] D35: Queen's Gambit Declined: Exchange Variation.} c5 8. dxc5 Qa5 9. a3 Bxc3+ 10. bxc3 {[%emt 0:04:00] [#]} Ne4 $146 ({Predecessor:} 10... Qxc5 11. Qb4 Ne4 12. Nd4 b6 13. f3 a5 14. Qxc5 Nexc5 15. Nf5 Ne6 16. Bg3 g6 {1-0 (50) Aronian,L (2754)-Eljanov,P (2693) Nalchik 2009 CBM 130 [Ftacnik,L]}) 11. Nd2 Nxd2 (11... Qxc3 12. Qxc3 Nxc3 13. Rc1 $16) 12. Bxd2 O-O 13. Be3 Re8 14. Qb4 Qc7 15. Bd4 a5 16. Qb5 a4 17. e3 Ra5 18. Qb4 Nxc5 19. Be2 Re6 20. O-O Nb3 21. Ra2 (21. Rad1 $1 $14) 21... b6 $11 22. Re1 Ba6 (22... Rh6 23. g3 $11) 23. Bxa6 Rxa6 24. Rae2 Qc6 25. f3 $1 Nc5 26. c4 Nd3 27. cxd5 Nxb4 28. dxc6 Nxc6 29. Rc1 h5 30. Kf2 Na5 (30... Ra8 $11 {keeps the balance.}) 31. Rc8+ $16 Kh7 32. Rec2 $36 {[%emt 0:00:22][%mdl 2048] Hoping for R2c7. White is on the roll. White is more active.} Nb3 33. Bc3 Nc5 34. Ke2 {[%emt 0:00:03] Against Nd3} Ra7 35. Bb4 Na6 36. Bf8 Rb7 37. R2c6 Re5 (37... Rb8 $14) 38. e4 Rb5 39. Rc4 {[%emt 0:00:00] Prevents Nc5.} ({Better is} 39. h4 $1 $14) 39... Rb2+ 40. Rc2 Rxc2+ 41. Rxc2 $11 {[%emt 0:00:00][%mdl 4096] Endgame KRB-KRN} b5 42. Rc6 b4 {[%emt 0:02:27] [#]} 43. axb4 $1 $16 ({But not} 43. Rxa6 $2 b3 44. Rd6 (44. Rxa4 $2 b2 $19) 44... b2 $19) 43... Nxb4 44. Rc4 Na6 45. Rxa4 Rb2+ 46. Kf1 Nc7 47. Ra5 Ne6 48. Ba3 ({Don't play} 48. Rxh5+ $6 Kg6 49. Rh8 Rb8 $11) 48... Rb1+ 49. Kf2 Kg6 50. Kg3 f6 51. Bd6 Ng5 52. Ra7 Rb3 {[%emt 0:00:35] White must now prevent ...Nxe4+.} 53. Ra4 Rd3 54. Bc7 Rc3 55. Bf4 Ne6 56. Bd6 Rd3 57. Bb8 Rb3 {[%emt 0:01:24] [#]} 58. Ba7 Rb2 59. h4 Rb3 60. Ra2 Rd3 61. Kf2 Rb3 62. Be3 Rb4 63. Ke2 Nd8 64. Ra6 Nf7 65. Bf4 Rb2+ 66. Kf1 Rb5 67. Re6 Nd8 68. Ra6 Nf7 69. Bc7 Rc5 70. Ra7 Rc4 71. Rb7 Ra4 72. Kf2 Ra2+ 73. Kg3 Rc2 74. Ba5 Rc4 75. Bc7 (75. Rc7 $16 Ra4 76. Rc5) 75... Rd4 (75... Rc2 $11) 76. Bb8 Ra4 77. Rb3 Rc4 78. Rb5 Ra4 79. Bf4 Rc4 80. Kf2 Rc2+ 81. Kf1 Rc3 82. Rd5 Ra3 83. Bc7 Ra4 84. g3 Ra2 85. Rc5 Rd2 86. f4 ({White should try} 86. Bf4 $16 Rb2 87. Rd5) 86... Nh6 $11 {[%emt 0:00:14] The position is equal.} 87. f5+ Kh7 88. Bf4 Ra2 89. e5 fxe5 90. Rxe5 {[%emt 0:00:05][%cal Of5f6] Threatens to win with f6!} (90. Bxh6 $5 gxh6 91. Rc7+ (91. Rxe5 Kg7 $11) 91... Kg8 92. Re7 $11) 90... Ng4 91. Rb5 Nh2+ 92. Ke1 Nf3+ 93. Kd1 Ra1+ 94. Bc1 Nd4 95. Rd5 Nb3 96. Kc2 {[%emt 0:00:11] Bb2 is the strong threat.} Rxc1+ 97. Kxb3 Rg1 98. Rd3 Rf1 99. Kc4 Rxf5 {[%emt 0:00:13] Weighted Error Value: White=0.07 (flawless) /Black=0.08 (flawless)} 1/2-1/2

[Event "2nd Serbia Open Masters 2022"]
[Site "Novi Sad"]
[Date "2022.07.01"]
[Round "4.6"]
[White "Ivic, Velimir"]
[Black "Shyaamnikhil P"]
[Result "1-0"]
[ECO "B41"]
[WhiteElo "2623"]
[BlackElo "2443"]
[Annotator "TA"]
[PlyCount "69"]
[EventDate "2022.06.28"]
[EventType "swiss"]
[EventCountry "SRB"]
[SourceTitle "playchess.com"]
[Source "ChessBase"]
[SourceQuality "1"]
[TimeControl "40/5400+30:900+30"]

1. e4 c5 2. Nf3 e6 3. d4 cxd4 4. Nxd4 a6 5. c4 Nf6 6. Nc3 Qc7 7. a3 b6 8. f4 {[%emt 0:00:57][%cal Bf2f4,Bf4f5][%mdl 32] B41: Sicilian: Kan Variation: 5 c4.} Bb7 9. Bd3 d6 {[%emt 0:16:19] [#] Prevents e5.} 10. f5 $146 {[%emt 0:03:34] White is slightly better.} ({Predecessor:} 10. O-O g6 11. Be3 Nbd7 12. Qf3 Bg7 13. Rac1 O-O 14. b4 Rac8 15. g4 h6 16. Qg3 {0-1 (73) Rifelj,L (1961)-Trussevich,S (2297) Slovenia 2019}) 10... Nc6 11. Nxc6 (11. Be3 $5 ) 11... Bxc6 12. O-O Be7 13. Qf3 O-O 14. fxe6 fxe6 15. Qh3 Rf7 16. Be3 (16. Qxe6 $2 Bd7 17. Nd5 Qc5+ 18. Be3 Qxe3+ 19. Nxe3 Bxe6 $19) 16... Qb7 17. b4 (17. Qxe6 $2 Bd7 18. Rxf6 Bxe6 19. Rxe6 Qd7 20. Rxe7 Qxe7 $19) 17... Raf8 {[%emt 0:08:15] [#]} 18. c5 (18. Qxe6 $2 Bd7 19. Rxf6 Bxe6 20. Rxe6 Qd7 21. Rxe7 Qxe7 $19) (18. Rxf6 $1 $14 {was preferrable.} gxf6 19. Qg4+ (19. Qxe6 f5 $11) 19... Kh8 20. Qxe6) 18... b5 (18... dxc5 $11 {remains equal.} 19. bxc5 (19. Qxe6 cxb4 20. axb4 Bxb4 $11) 19... Bxc5) 19. Qxe6 (19. e5 $1 $16 dxe5 20. Bc2) 19... Bd7 $11 20. Qa2 {[%emt 0:02:26][%cal Oe4e5] aiming for e5!} Qc8 {[%emt 0:03:26] [#]} (20... dxc5 $1 $11 21. e5 (21. Bxc5 Bxc5+ 22. bxc5 Qc7 $17) (21. bxc5 Qa7 $11) 21... Ng4 22. Rxf7 (22. Bxc5 Bxc5+ 23. bxc5 Qc6 $17) 22... Rxf7) 21. e5 $1 $16 dxe5 {[%emt 0:00:12] [#]} ({Better is} 21... Be6 22. Qe2 dxe5) 22. Bc2 $1 $36 {[%emt 0:06:07][%mdl 2048] White is in control. White is much more active.} Be6 23. Bb3 Bxb3 24. Qxb3 Qc6 25. Rad1 h6 26. h3 Rd8 27. a4 bxa4 28. Nxa4 (28. Qxa4 Qxa4 29. Rxd8+ (29. Nxa4 Nd5 $11) 29... Bxd8 $11) 28... Re8 (28... Qe4 {was called for.}) 29. Nb6 $18 Bf8 $2 {[%emt 0:00:43] [#]} (29... Rd8 30. Rxd8+ Bxd8) 30. Rd7 $3 Qe6 31. Qxe6 Rxe6 32. Rxf7 Kxf7 33. Ra1 Be7 34. Kf2 ({Weaker is} 34. Rxa6 Nd5 35. Kf2 (35. Bd2 e4 $11) 35... Nxb4 $14) 34... Ne4+ 35. Ke2 {[%emt 0:00:24] Weighted Error Value: White=0.14 (very precise) /Black=0.32} 1-0

[Event "2nd Serbia Open Masters 2022"]
[Site "Novi Sad"]
[Date "2022.07.01"]
[Round "4.7"]
[White "Samant Aditya S"]
[Black "Bernadskiy, Vitaliy"]
[Result "1/2-1/2"]
[ECO "C90"]
[WhiteElo "2433"]
[BlackElo "2636"]
[Annotator "TA"]
[PlyCount "80"]
[EventDate "2022.06.28"]
[EventType "swiss"]
[EventCountry "SRB"]
[SourceTitle "playchess.com"]
[Source "ChessBase"]
[SourceQuality "1"]
[TimeControl "40/5400+30:900+30"]

1. e4 e5 2. Nf3 Nc6 3. Bb5 a6 4. Ba4 Nf6 5. O-O Be7 6. Re1 b5 7. Bb3 d6 8. c3 Na5 9. Bc2 c5 10. d4 cxd4 11. cxd4 Bg4 {[%emt 0:00:03] now supersedes 11...Qc7. C90: Closed Ruy Lopez with 7...d6: Early deviations.} 12. dxe5 Bxf3 {[%emt 0:00:07][%mdl 64] Remove Defender} 13. Qxf3 dxe5 14. Nc3 O-O 15. Bg5 Nc6 16. Rad1 $36 {[%emt 0:07:45][%mdl 2048] White has good play.} Nd4 17. Qg3 {[%emt 0:00:45] [#]} b4 $146 ({Predecessor:} 17... Kh8 18. Qxe5 Nc6 19. Qf4 Qe8 20. e5 Nh5 21. Qh4 Bxg5 22. Qxg5 g6 23. g4 Ng7 24. Nd5 Qe6 25. Nc7 Qc4 26. Bb3 Qc5 27. Nxa8 Qa7 28. Rd6 Qxa8 29. Bd5 {1-0 (29) Hicdoenmez,H-Moreira,R LSS email 2006}) 18. Qxe5 bxc3 (18... Nxc2 $11 19. Rxd8 Bxd8) 19. Rxd4 $16 Qb6 {[%emt 0:00:04][%cal Of6g4] Hoping for ...Ng4!} 20. bxc3 ({Stronger than} 20. Qxe7 Qxd4 21. Be3 Qc4 $15) 20... Bc5 {[%emt 0:00:03] [#]} 21. Qf5 $1 Bxd4 22. cxd4 {[%emt 0:00:02] And now e5 would win.} h6 {[%emt 0:00:36] [#]} 23. Be3 {[%emt 0:01:55] Black must now prevent e5.} Qe6 {[%emt 0:00:08] [#]} 24. Qxe6 fxe6 25. f3 a5 26. Bb3 Kf7 27. Rc1 {[%emt 0:00:55] aiming for Rc7+.} Rfc8 {[%emt 0:00:55] Against Rc7+} 28. Rxc8 Rxc8 $14 {[%emt 0:00:02][%mdl 4096] Endgame KRN-KB} 29. Kf2 $1 Rb8 30. Ke2 (30. Bc1 $14) 30... a4 $1 $11 {[%emt 0:00:10] The position is equal.} 31. Bxa4 Rb2+ 32. Bd2 {[%emt 0:00:05] Threatens to win with Bb3.} Rxa2 33. Bb3 Ra3 34. Bc2 g5 35. Bd3 Ra1 36. Be1 Ng8 37. h4 Ne7 38. hxg5 hxg5 39. Bd2 Nc6 40. d5 exd5 {[%emt 0:03:32] Weighted Error Value: White=0.05 (flawless) /Black=0.07 (flawless)} 1/2-1/2

[Event "2nd Serbia Open Masters 2022"]
[Site "Novi Sad"]
[Date "2022.07.01"]
[Round "4.8"]
[White "Assaubayeva, Bibisara"]
[Black "Aryan Chopra"]
[Result "0-1"]
[ECO "E71"]
[WhiteElo "2439"]
[BlackElo "2609"]
[Annotator "TA"]
[PlyCount "52"]
[EventDate "2022.06.28"]
[EventType "swiss"]
[EventCountry "SRB"]
[SourceTitle "playchess.com"]
[Source "ChessBase"]
[SourceQuality "1"]
[TimeControl "40/5400+30:900+30"]

1. d4 Nf6 2. c4 g6 3. Nc3 Bg7 4. e4 d6 5. h3 O-O 6. Be3 a5 {[%emt 0:00:35] E71: King's Indian: 4 e4 d6 5 h3.} 7. g4 {[%emt 0:05:41] [#]} a4 $146 ({Predecessor:} 7... Na6 8. Nge2 c5 9. Bg2 cxd4 10. Nxd4 Nc5 11. O-O Ne6 12. f4 Qb6 13. Nf5 Qxb2 14. Na4 {1-0 (22) Belous,V (2525)-Bragg,D (2050) Redmond 2022}) 8. Nge2 c5 {[%emt 0:01:33] White is slightly better.} 9. g5 (9. d5 $14) 9... Nfd7 $15 10. Rc1 Nc6 11. d5 (11. Bg2 $1 $11 {keeps the balance.}) 11... Nde5 $1 $17 12. Ng1 {[%emt 0:04:46] Prevents Nf3+.} (12. Ng3 $1 $15 Nd4 13. Be2 (13. Bxd4 $2 cxd4 14. Nb1 Qb6 $19)) 12... Na5 $1 13. Nb5 e6 (13... Bd7 $17 {[%cal Oa5c4] Strongly threatening ...Naxc4!} 14. b3 axb3 15. axb3 f5 16. exf5 (16. f4 $2 fxe4 17. Rh2 Nf7 $19) 16... Rxf5) 14. f4 $15 {[%emt 0:04:44] [#]} (14. Qxa4 $2 Bd7 15. Qc2 Naxc4 $1 16. Bxc4 Bxb5 17. Bxb5 Qa5+ 18. Kf1 Qxb5+ 19. Qe2 Qb4 $19) 14... Nexc4 15. Rxc4 (15. Bxc4 $2 Nxc4 16. Rxc4 Qa5+ 17. Kf2 (17. Nc3 $2 b5 $19) 17... Qxb5 $19) 15... Nxc4 16. Bxc4 exd5 $1 ({Much worse is} 16... Bxb2 17. Rh2 a3 18. Qd3 $11) 17. exd5 {[%emt 0:01:42] [#] This costs White the game.} (17. Qxd5 $15 Be6 18. Qd3) 17... Bd7 $1 $19 {[%emt 0:04:35] aiming for ...Bxb5.} ({Weaker is} 17... Bxb2 18. Rh2 Bg7 19. Bd2 $17) 18. Qd3 ({But not} 18. Nxd6 $2 Qe7 19. Kf2 Qxd6 $19) 18... Ra5 {[%emt 0:03:21][%mdl 1024] ...Qb6 is the strong threat. Black has strong compensation.} 19. Kf1 $2 (19. Nxd6 Qe7 20. Nxb7) 19... Qb6 20. Na3 Qxb2 21. Bd2 {[%emt 0:00:00] [#]} b5 $1 22. Bxa5 bxc4 {[%emt 0:00:05] Really sharp!} 23. Nxc4 Qc1+ 24. Kf2 Bb5 {[%emt 0:00:38] A strong pair of Bishops. Black is clearly winning.} 25. Qd2 (25. Bd2 $142 Qxc4 26. Qxc4 Bxc4 27. Ne2) 25... Qxc4 26. Nf3 Re8 {[%emt 0:00:46] Weighted Error Value: White=0.59/Black=0.04 (flawless)} 0-1